 Dungeon Crawl Stone Soup version 0.26-a0-665-gefeb406119 (webtiles) character file.

Game seed: 17589556101137796824

67 robertstho the Bolt Thrower (level 4, -2/27 HPs)
             Began as a Kobold Hunter on Oct 15, 2020.
             Hit by a stone thrown by a kobold (3 damage)
             ... on level 2 of the Dungeon.
             The game lasted 00:01:27 (1159 turns).

robertstho the Bolt Thrower (Kobold Hunter)         Turns: 1159, Time: 00:01:28

Health: -2/27      AC:  3    Str: 10    XL:     4   Next: 40%
Magic:  4/4        EV: 15    Int: 12    God:
Gold:   101        SH:  0    Dex: 15    Spells: 3/3 levels left

rFire    . . .     SeeInvis .   a - +1 hand crossbow
rCold    . . .     Faith    .   (shield restricted)
rNeg     . . .     Spirit   .   c - +0 leather armour
rPois    .         Reflect  .   (no helmet)
rElec    .         Harm     .   (no cloak)
rCorr    .         Rampage  .   (no gloves)
MR       .....                  (no boots)
Stlth    +++.......             (no amulet)
HPRegen  0.09/turn              (no ring)
MPRegen  0.09/turn              (no ring)

@: no status effects
A: small, nightstalker 3
a: no special abilities


You were on level 2 of the Dungeon.
You visited 1 branch of the dungeon, and saw 2 of its levels.

You collected 101 gold pieces.

Inventory:

Hand Weapons
 a - a +1 hand crossbow (weapon)
 b - a +0 short sword
Missiles
 d - 2 bolts (quivered)
Armour
 c - a +0 leather armour (worn)
Jewellery
 g - an uncursed amulet of guardian spirit {unknown}
Scrolls
 e - a scroll of amnesia {unknown}
 f - a scroll of enchant armour {unknown}
 i - 2 scrolls of teleportation {unknown}


   Skills:
 + Level 2.5 Fighting
 + Level 6.3 Crossbows
 + Level 0.3 Armour
 + Level 2.6 Dodging
 + Level 1.3 Stealth


You had 3 spell levels left.
You didn't know any spells.
Your spell library was empty.

Dungeon Overview and Level Annotations

Branches:
Dungeon (2/15)

Altars:


Innate Abilities, Weirdness & Mutations

You are small and have problems with some larger weapons.
You are completely attuned to the shadows.


Message History

A centaur is nearby!
You shoot a bolt. The bolt hits the centaur.
The centaur is moderately wounded.
A kobold comes into view.
You shoot a bolt. The bolt barely misses the centaur.
The centaur shoots an arrow.
The arrow barely misses you.
The kobold throws a stone.
The stone hits you but does no damage.
You shoot a bolt.
The bolt hits the centaur but does no damage.
The centaur is moderately wounded.
The centaur shoots an arrow.
The arrow hits you!
The centaur shoots an arrow.
The arrow barely misses you.
You shoot a bolt. The bolt hits the centaur.
The centaur is heavily wounded.
The kobold throws a stone.
The stone hits you but does no damage.
The centaur shoots an arrow.
The arrow hits you!
Ouch! That really hurt!
* * * LOW HITPOINT WARNING * * *
The kobold throws a stone.
The stone hits you.
You die...

..(( ##
...K.c' ...
......##.##
........$.'
.....#@#
#....#
.#####.#..#
.......#..#
.##.).....#
...........
..........#
..........#
#.........#


You could see a centaur and a kobold.

Vanquished Creatures
  A gnoll (D:1)
  An adder (D:2)
  An ooze (D:2)
  2 dart slugs (D:1)
  2 leopard geckos (D:1)
  6 hobgoblins
  6 kobolds
  2 ball pythons (D:1)
  9 bats
  2 frilled lizards
  A goblin (D:1)
  4 rats
37 creatures vanquished.

Notes
Turn   | Place    | Note
-------+----------+-------------------------------------------
     0 | D:1      | robertstho the Kobold Hunter began the quest for the Orb.
     0 | D:1      | Reached XP level 1. HP: 12/12 MP: 1/1
    25 | D:1      | Reached skill level 5 in Crossbows
    75 | D:1      | Reached XP level 2. HP: 17/17 MP: 2/2
   198 | D:1      | Reached XP level 3. HP: 22/22 MP: 3/3
   860 | D:1      | Reached skill level 6 in Crossbows
   944 | D:2      | Reached XP level 4. HP: 27/27 MP: 4/4
  1155 | D:2      | Noticed a centaur
  1159 | D:2      | HP: 1/27 [centaur/arrow (14)]
  1159 | D:2      | Hit by a stone thrown by a kobold

Illustrated notes

Levels and vault maps discovered:
D:1:      heliophobic_arrival_ceremonial_halls, layout_basic,
          minmay_indecisive_spiral
D:2:      kennysheep_big_flooded_room, layout_basic,
          nemelex_xobeh_ov_fountains_minmay, uniq_terence, uniq_natasha

Skill      XL: |  1  2  3 |
---------------+----------+-----
Crossbows      | 5 6 |  6.3
Fighting       | |  2.5
Armour         | |  0.3
Dodging        | |  2.6
Stealth        | |  1.3

Action                   |  1- 3 |  4- 6 || total
-------------------------+-------+-------++-------
Melee: Short sword       |       |     5 ||     5
 Fire: Hand crossbow     |    67 |    23 ||    90
  Use: Potion            |       |     1 ||     1
Armor: Leather armour    |     5 |     2 ||     7
Dodge: Dodged            |    21 |    10 ||    31

Table legend: (Time is in decaauts)
 A = Elapsed time spent in this place.
 B = Non-inter-level travel time spent in this place.
 C = Inter-level travel time spent in this place.
 D = Time resting spent in this place.
 E = Time spent auto-exploring this place.
 F = Levels seen in this place.
 G = Mean time per level.
                   A        B        C        D        E       F      G
               +--------+--------+--------+--------+--------+-----+--------+
         Total |   1178 |   1158 |     20 |      0 |    932 |   2 |  589.0 |
       Dungeon |   1178 |   1158 |     20 |      0 |    932 |   2 |  589.0 |
               +--------+--------+--------+--------+--------+-----+--------+

Top non-repeatable levels by time:
     D:1: 923 daAuts
     D:2: 254 daAuts
